[Event "WYCC 2018 G18"]
[Site "Halkidiki"]
[Date "2018.10.21"]
[Round "2"]
[White "Nemcova, Kamila"]
[Black "Rozman, Monika"]
[Result "0-1"]
[ECO "A16"]
[WhiteElo "1879"]
[BlackElo "2141"]
[Annotator "NA"]
[PlyCount "58"]
[EventDate "2018.10.20"]
[EventType "swiss"]
[EventCountry "GRE"]
[SourceTitle "playchess.com"]
[Source "ChessBase"]
[SourceQuality "1"]
[TimeControl "40/5400+30:1800+30"]

1. c4 Nf6 2. Nc3 d5 3. cxd5 Nxd5 4. Qa4+ {[%emt 0:01:35] A16: English Opening: 1...Nf6 with ...d5} (4. Nf3 g6 5. Qb3 Nb6 6. d4 Bg7 7. Bf4 Be6 8. Qa3 O-O 9. e3 N8d7 10. Rd1 c6 11. Ng5 Bf5 12. e4 Bg4 13. Be2 Bxe2 14. Nxe2 Qe8 {1-0 (32) Duda,J (2739)-Ivanchuk,V (2710) Batumi 2018}) 4... c6 5. Nf3 Nb6 6. Qh4 Na6 $146 ({Predecessor:} 6... Bf5 7. e4 Bg6 8. Ne5 Qd6 9. f4 h6 10. Be2 N8d7 11. Nxg6 Qxg6 {½-½ (43) Schnitzspan,L (2365)-Pieper Emden,C (2345) Gladenbach 1996}) 7. d3 Bd7 8. Ne5 Be6 9. Bd2 g6 10. Ne4 Bg7 11. f4 Nd5 12. Ng5 Ndb4 13. Nxe6 fxe6 14. Kd1 O-O 15. Nf3 h6 16. Qg4 Qd5 17. e4 Nxd3 18. Bxd3 $2 (18. exd5 $16 {is forced if you want to stay better.} Nf2+ 19. Ke1 Nxg4 20. dxc6) 18... Qxd3 19. Qxe6+ Kh7 20. Qh3 Rad8 21. Ng5+ Kg8 22. Qxd3 $15 Rxd3 23. Ne6 Rf6 24. Nxg7 Rfd6 25. e5 R6d5 26. Ne6 Rxd2+ 27. Kc1 Rf2 28. g3 Nb4 29. b3 Rdd2 0-1

[Event "WYCC 2018 G18"]
[Site "Halkidiki"]
[Date "2018.10.21"]
[Round "2"]
[White "Nguyen, Hong Ngoc"]
[Black "Dimitrova, Aleksandra"]
[Result "0-1"]
[ECO "B06"]
[WhiteElo "1861"]
[BlackElo "2228"]
[Annotator "NA"]
[PlyCount "88"]
[EventDate "2018.10.20"]
[EventType "swiss"]
[EventCountry "GRE"]
[SourceTitle "playchess.com"]
[Source "ChessBase"]
[SourceQuality "1"]
[TimeControl "40/5400+30:1800+30"]

1. d4 g6 2. e4 Bg7 3. Nf3 d6 4. c3 e5 5. dxe5 {[%emt 0:03:35] B06: Moderne Verteidigung} dxe5 6. Qxd8+ Kxd8 7. Bc4 f6 8. O-O Ke7 9. a4 Nh6 10. h3 $146 ({Vorgänger:} 10. Na3 Be6 11. a5 a6 12. b4 Nf7 {1-0 (61) Evdokimov,A (2503)-Chigladze,I (2342) Poti 2016}) 10... Nf7 11. Nbd2 Nd6 12. Ba2 Nd7 13. b4 a5 14. Bb3 b6 15. Ba3 Bb7 16. Rfe1 Kd8 17. Rad1 axb4 18. cxb4 b5 19. a5 Bh6 20. Bc2 Kc8 21. Nb3 $2 (21. Nb1 $11 {und Weiss steht sicher.}) 21... Nc4 22. Bc1 Bf8 23. Bd2 Nxd2 24. Nfxd2 Bxb4 25. Bd3 Ba6 26. Be2 h5 27. Rf1 c5 28. f4 c4 29. Nc1 Rd8 30. fxe5 Nxe5 31. Nf3 Rxd1 32. Rxd1 Bb7 33. g4 h4 34. Kf1 Bxe4 35. Nd4 Rxa5 36. Ne6 Kb7 37. Kf2 Ra6 38. Nd4 Bc5 39. Ke3 Bc2 40. Rd2 Ra3+ 41. Kf2 $19 Bd3 42. Ke3 Bb1+ 43. Kf2 c3 44. Rd1 Bc2 0-1

[Event "WYCC 2018 G18"]
[Site "Halkidiki"]
[Date "2018.10.21"]
[Round "2"]
[White "Muratova, Saltanat"]
[Black "Egyed, Judit"]
[Result "1-0"]
[ECO "B10"]
[WhiteElo "1859"]
[BlackElo "2089"]
[Annotator "NA"]
[PlyCount "73"]
[EventDate "2018.10.20"]
[EventType "swiss"]
[EventCountry "GRE"]
[SourceTitle "playchess.com"]
[Source "ChessBase"]
[SourceQuality "1"]
[TimeControl "40/5400+30:1800+30"]

1. e4 c6 2. Nc3 g6 3. Nf3 Bg7 4. Bc4 b5 5. Bb3 h6 6. O-O a5 7. a4 b4 8. Ne2 d6 9. d4 Qc7 10. Ng3 Ba6 11. Re1 e5 12. c3 Nd7 13. Be3 bxc3 14. bxc3 Ngf6 15. h3 Rb8 16. Rb1 c5 17. Qd2 Nb6 $18 (17... c4 $14 18. Bc2 Rxb1 19. Rxb1 h5) 18. dxe5 dxe5 19. Nxe5 c4 20. Bc2 O-O 21. Nf3 Rfd8 22. Nd4 Qd7 23. Bxh6 Nxa4 24. Bxa4 Rxb1 25. Bxd7 Bxh6 26. Qe2 Rxe1+ 27. Qxe1 Nxd7 28. Qa1 Nb8 29. Qxa5 Re8 30. h4 Bf4 31. Nge2 Bd6 32. h5 Kg7 33. Qg5 Bc8 34. h6+ Kg8 35. Qf6 Be5 36. h7+ Kxh7 37. Qxf7+ 1-0

[Event "WYCC 2018 G18"]
[Site "Halkidiki"]
[Date "2018.10.21"]
[Round "2"]
[White "Perminaite, Guoda"]
[Black "Radeva, Viktoria"]
[Result "0-1"]
[ECO "B22"]
[WhiteElo "1840"]
[BlackElo "2163"]
[Annotator "NA"]
[PlyCount "66"]
[EventDate "2018.10.20"]
[EventType "swiss"]
[EventCountry "GRE"]
[SourceTitle "playchess.com"]
[Source "ChessBase"]
[SourceQuality "1"]
[TimeControl "40/5400+30:1800+30"]

1. e4 c5 2. c3 d5 3. exd5 Qxd5 4. d4 Nc6 5. Nf3 Bf5 6. Be3 Nf6 7. Na3 e6 8. dxc5 Rd8 9. Qxd5 ({Better is} 9. Qb3 $14) 9... Nxd5 10. Bd4 f6 11. Nh4 Bg4 $11 12. h3 Bh5 13. g4 Bf7 14. f3 h5 15. Ng2 g6 16. Bb5 e5 17. Bf2 hxg4 18. fxg4 Nc7 19. Bc4 Bd5 20. Bxd5 Rxd5 21. Rd1 Bxc5 22. Rxd5 Bxf2+ 23. Kxf2 Nxd5 24. Nc4 Ke7 25. h4 f5 26. Re1 Ke6 27. Kg3 e4 28. h5 Ne5 29. Nxe5 Kxe5 30. hxg6 f4+ 31. Kf2 Nf6 32. g5 Ng4+ 33. Kf1 f3 0-1

[Event "WYCC 2018 G18"]
[Site "Halkidiki"]
[Date "2018.10.21"]
[Round "2"]
[White "Cosme Contreras, Trilce"]
[Black "Li, Yilin"]
[Result "1-0"]
[ECO "D31"]
[WhiteElo "1829"]
[BlackElo "1993"]
[Annotator "NA"]
[PlyCount "71"]
[EventDate "2018.10.20"]
[EventType "swiss"]
[EventCountry "GRE"]
[SourceTitle "playchess.com"]
[Source "ChessBase"]
[SourceQuality "1"]
[TimeControl "40/5400+30:1800+30"]

1. d4 d5 2. c4 e6 3. Nc3 c6 4. e4 dxe4 5. Nxe4 Bb4+ 6. Bd2 Qxd4 7. Bxb4 Qxe4+ 8. Be2 Na6 9. Ba5 b6 10. Qd6 bxa5 (10... Bd7 $5 11. Bc3 f6 $14) 11. Rd1 f6 12. f3 Qe3 13. Qxc6+ $11 Kf7 14. Qxa8 Ne7 15. Qe4 Nf5 16. g4 Nc5 17. Qxe3 Nxe3 18. Rd2 Bb7 19. h3 Ng2+ 20. Kf2 Nf4 21. h4 Ke7 22. Nh3 Nxh3+ 23. Rxh3 e5 24. Rh1 h5 25. g5 fxg5 26. hxg5 Ke6 27. Ke3 Kf5 28. Rd6 h4 29. Bf1 Rh7 30. Bh3+ Kxg5 31. Rg1+ Kh5 32. Bg4+ Kg5 33. Bd7+ Kh5 34. Be8+ g6 35. Bxg6+ Kh6 36. Be8+ {[%emt 0:00:14] Kg6} 1-0

[Event "WYCC 2018 G18"]
[Site "Halkidiki"]
[Date "2018.10.21"]
[Round "2"]
[White "Simic, Anja"]
[Black "Golsta, Madara"]
[Result "1/2-1/2"]
[ECO "E91"]
[WhiteElo "1813"]
[BlackElo "1938"]
[Annotator "NA"]
[PlyCount "89"]
[EventDate "2018.10.20"]
[EventType "swiss"]
[EventCountry "GRE"]
[SourceTitle "playchess.com"]
[Source "ChessBase"]
[SourceQuality "1"]
[TimeControl "40/5400+30:1800+30"]

1. d4 Nf6 2. c4 g6 3. Nc3 Bg7 4. e4 d6 5. Nf3 O-O 6. Be2 Na6 7. O-O e5 8. d5 Nc5 {[%emt 0:00:32] LiveBook: 612 Games} 9. Qc2 a5 10. b3 h6 11. Bb2 Nh5 12. a3 a4 13. Nxa4 Nxa4 14. bxa4 Nf4 15. Rfe1 f5 16. Bd3 Rxa4 17. Qxa4 Nxd3 18. Qc2 Nxe1 19. Rxe1 b6 20. Ra1 Qe8 21. a4 fxe4 22. Qxe4 Rf4 23. Qc2 Qf7 24. Bc1 e4 25. Bxf4 Qxf4 26. Re1 Bf5 27. Nd2 e3 28. fxe3 Qxh2+ 29. Kxh2 Bxc2 30. Nf3 Bxa4 31. Kg3 Kf7 32. Rf1 Ke7 33. Nh4 Be5+ 34. Kf3 Be8 35. Ke4 Bf6 36. g3 Be5 37. Kf3 Kf7 38. Ke4+ Kg7 39. Kf3 Bd7 40. g4 Bf6 41. Kg3 ({Better is} 41. Ng2 $16) 41... Be5+ $1 42. Kf3 Bf6 43. Kg3 Be5+ 44. Kf3 Bf6 45. Kg3 $11 1/2-1/2

[Event "WYCC 2018 G18"]
[Site "Halkidiki"]
[Date "2018.10.21"]
[Round "2"]
[White "Tonso, Liina"]
[Black "Belluire, Beatrice"]
[Result "1-0"]
[ECO "A35"]
[WhiteElo "1805"]
[BlackElo "1931"]
[Annotator "NA"]
[PlyCount "87"]
[EventDate "2018.10.20"]
[EventType "swiss"]
[EventCountry "GRE"]
[SourceTitle "playchess.com"]
[Source "ChessBase"]
[SourceQuality "1"]
[TimeControl "40/5400+30:1800+30"]

1. c4 c5 2. Nc3 Nc6 3. e4 d6 4. Nf3 Nd4 {[%emt 0:12:11] B30: Sicilian: 2...Nc6 3 Bb5, lines without ...g6} (4... g6 5. d4 cxd4 6. Nxd4 Nf6 7. Be2 Nxd4 8. Qxd4 Bg7 9. Be3 O-O 10. Qd2 Be6 11. Rc1 a5 12. f3 a4 13. Nd5 Bxd5 14. cxd5 a3 15. bxa3 Rxa3 16. Rc2 Qa8 17. O-O Qa4 18. Rc4 Qa8 19. Rc2 Qa4 20. Rc4 Qa8 21. Rc2 {½-½ (21) Murariu,A (2490)-Chirila,I (2485) Bucharest 2009}) 5. Nxd4 cxd4 6. Ne2 e5 7. d3 Nf6 $146 ({Predecessor:} 7... Be7 8. Ng3 g6 9. Be2 h5 10. Nf1 Bg5 11. Nd2 Nf6 {½-½ (11) Polacik,I (2168)-Castiglione,M (2240) Slovakia 2013}) 8. g3 Be6 9. Bg2 Qd7 10. O-O h5 11. f4 Bh3 12. f5 Bxg2 13. Kxg2 h4 14. Bd2 Qc6 15. h3 hxg3 16. Nxg3 Be7 17. b4 b5 18. Rc1 Kd7 19. a4 bxa4 20. b5 Qb7 21. Qxa4 Rhc8 22. Ra1 a6 23. b6+ Rc6 24. Ba5 Bd8 25. Rab1 Ke7 26. Rf2 Rb8 27. Rfb2 Nd7 28. Qd1 Bxb6 29. Qg4 Qc7 30. Qxg7 Rf8 31. f6+ Ke8 32. Bxb6 Rxb6 33. Nf5 Rxb2+ 34. Rxb2 Nc5 35. Rd2 Ne6 36. Qg4 Kd7 37. Ng7 Rg8 38. Kh2 Qd8 39. Qf5 Qa5 40. Rf2 Qc3 41. Nxe6 fxe6 42. Qh7+ Kc6 43. Qxg8 Qxd3 44. f7 {[%emt 0:00:51] Kd5} 1-0

[Event "WYCC 2018 G18"]
[Site "Halkidiki"]
[Date "2018.10.21"]
[Round "2"]
[White "Martos Amiguet, Valentina"]
[Black "Zairbek kyzy, Begimay"]
[Result "0-1"]
[ECO "D00"]
[WhiteElo "1775"]
[BlackElo "1919"]
[Annotator "NA"]
[PlyCount "136"]
[EventDate "2018.10.20"]
[EventType "swiss"]
[EventCountry "GRE"]
[SourceTitle "playchess.com"]
[Source "ChessBase"]
[SourceQuality "1"]
[TimeControl "40/5400+30:1800+30"]

1. d4 d5 2. Bf4 e6 3. e3 Nf6 4. Nf3 c5 {[%emt 0:00:00] LiveBook: 781 Games} 5. c3 Qb6 6. Qb3 Nbd7 {[%emt 0:01:34] D02: 1 d4 d5 2 Nf3 sidelines, including 2...Nf6 3 g3 and 2...Nf6 3 Bf4} (6... Be7 7. h3 O-O 8. Nbd2 Nc6 9. Be2 Qa5 10. O-O b6 11. a4 Ba6 12. Qd1 Bxe2 13. Qxe2 c4 14. Rfc1 {1-0 (35) Abasov,N (2622)-Manik,M (2433) Ordu 2018}) 7. Nbd2 Be7 8. Be2 Nh5 $146 ({Predecessor:} 8... Qxb3 9. axb3 O-O 10. O-O Ne8 11. Ra2 cxd4 12. exd4 Bd6 13. Bg3 Bxg3 14. fxg3 {½-½ (38) Welz,T (2335)-Biebinger,G (2310) Germany 1994}) 9. Bg3 Nxg3 10. hxg3 h6 11. Qc2 Bf6 12. g4 g5 (12... Qd8 $11 {remains equal.}) 13. Nf1 e5 14. Ng3 cxd4 15. exd4 exd4 16. cxd4 Bxd4 17. Nxd4 Qxd4 18. Nf5 Qf6 19. Rc1 Nb6 20. Bb5+ Kf8 21. Qc5+ Kg8 22. Ne7+ Kg7 23. Nxd5 Nxd5 24. Qxd5 Qxb2 25. O-O Be6 26. Qd3 Rad8 27. Rc2 Qb4 28. Qe2 Qxg4 29. Qe5+ Kg8 30. Rc7 Bd5 31. f3 Qe6 32. Qxe6 fxe6 33. a3 Rh7 34. Rfc1 Rf8 35. Bd3 Rxc7 36. Rxc7 Rf7 37. Rc1 Kg7 38. Rb1 Rc7 39. Be4 Bxe4 40. fxe4 Kf6 41. Rb5 b6 42. Rb4 Ke5 43. a4 Rc2 44. a5 bxa5 45. Rb5+ Kxe4 46. Rxa5 e5 47. Rxa7 Kf4 48. Rf7+ Kg4 49. Rf3 e4 50. Rh3 h5 51. Kh2 h4 52. Ra3 Rd2 53. Ra4 Re2 54. Rb4 h3 55. Rb3 Rxg2+ 56. Kh1 Re2 57. Rb1 Kf3 58. Rg1 g4 59. Rf1+ Rf2 60. Rg1 g3 61. Re1 g2+ 62. Kh2 Rf1 63. Rxf1+ gxf1=B 64. Kg1 Bg2 65. Kh2 e3 66. Kg1 e2 67. Kh2 Kg4 68. Kg1 e1=Q+ 0-1

[Event "WYCC 2018 G18"]
[Site "Halkidiki"]
[Date "2018.10.21"]
[Round "2"]
[White "Abeysinghe, H M H Janandani"]
[Black "Gillis Onieva, Celia"]
[Result "1/2-1/2"]
[ECO "C14"]
[WhiteElo "1698"]
[BlackElo "1892"]
[Annotator "NA"]
[PlyCount "185"]
[EventDate "2018.10.20"]
[EventType "swiss"]
[EventCountry "GRE"]
[SourceTitle "playchess.com"]
[Source "ChessBase"]
[SourceQuality "1"]
[TimeControl "40/5400+30:1800+30"]

1. e4 e6 2. d4 d5 3. Nc3 Nf6 4. Bg5 Be7 5. e5 Nfd7 6. Bxe7 Qxe7 7. f4 a6 8. Nf3 c5 9. dxc5 Nc6 10. Qd2 Nxc5 11. Bd3 O-O {[%emt 0:04:19] C14: French: Classical System: 4 Bg5 Be7 main line} 12. a3 (12. O-O f5 13. exf6 Qxf6 14. g3 Bd7 15. Rae1 Rad8 16. Qf2 b6 17. Ng5 Nxd3 18. cxd3 {½-½ (117) Warakomski,T (2505)-Socko,B (2588) Poland 2018}) 12... b5 13. O-O Bb7 14. Rfe1 $146 ({Predecessor:} 14. b4 Nxd3 15. cxd3 a5 16. Nxb5 axb4 17. axb4 Qxb4 18. Nd6 Qxd2 19. Nxd2 Ba6 20. Rfc1 {½-½ (30) Gramstad,R (2200)-Kozlov,A (2288) ICCF email 2006}) 14... f6 15. f5 Nxd3 16. Qxd3 fxe5 17. Nxe5 Qc5+ 18. Kh1 Rxf5 19. Nf3 b4 20. Rxe6 Rxf3 21. gxf3 bxc3 22. bxc3 d4 23. Rb1 Ne5 24. Rxe5 Qxe5 25. Rxb7 dxc3 26. Qc4+ Kh8 27. Qe4 Qg5 28. Re7 Qc1+ 29. Qe1 Qxe1+ 30. Rxe1 g6 31. Re3 Rc8 32. Kg2 Kg7 33. Rd3 Kf6 34. h4 Kf5 35. Kf2 Kf4 36. Rd4+ Ke5 37. Ke3 h5 38. f4+ Kf5 39. Rd5+ Kf6 40. Rd6+ Kf5 41. Rxa6 Rc4 42. Ra5+ Ke6 43. Re5+ Kf6 44. Re4 Rc6 45. a4 Ra6 46. Rc4 Re6+ $2 (46... Kf5 {keeps fighting.} 47. Kf3 (47. Rxc3 Rxa4 48. Rc5+ Kf6 $16) 47... Ra5) 47. Kd3 Kf5 48. Kxc3 Kg4 49. a5 Re3+ 50. Kb4 Kxh4 51. f5+ Kg3 52. fxg6 Re8 53. Rc5 h4 54. Rg5+ Kf2 55. g7 Rg8 56. Rh5 Kg3 57. Rh7 h3 58. a6 h2 59. a7 Kg2 60. c4 h1=Q 61. Rxh1 Kxh1 62. Kb5 (62. c5 $142 Kh2 63. Kb5) 62... Kg2 63. Kb6 Kf3 64. c5 Ke4 65. c6 Kd5 66. Kb7 Rxg7+ 67. c7 Kd6 68. a8=Q Rxc7+ 69. Kb6 Rf7 70. Qc6+ Ke7 71. Kc5 $18 Rf5+ 72. Kd4 Rf6 73. Qc5+ Ke6 74. Qd5+ Ke7 75. Ke5 Rg6 76. Qb7+ Ke8 77. Kf5 Rd6 78. Ke5 Rg6 79. Qh7 Rb6 80. Qe4 Ke7 81. Qd5 Rg6 82. Qb7+ Ke8 83. Qc8+ Ke7 84. Qc7+ Ke8 85. Kf5 Rh6 86. Qf4 Rc6 87. Qa4 Kd7 88. Ke5 Kc7 89. Qa7+ Kd8 90. Kd5 Rg6 91. Qb8+ Kd7 92. Qb7+ Ke8 93. Ke5 1/2-1/2

[Event "WYCC 2018 G18"]
[Site "Halkidiki"]
[Date "2018.10.21"]
[Round "2"]
[White "Ni Mhuireagain, Eibhia"]
[Black "Nistor, Valentina"]
[Result "1/2-1/2"]
[ECO "C54"]
[WhiteElo "1655"]
[BlackElo "1881"]
[Annotator "NA"]
[PlyCount "74"]
[EventDate "2018.10.20"]
[EventType "swiss"]
[EventCountry "GRE"]
[SourceTitle "playchess.com"]
[Source "ChessBase"]
[SourceQuality "1"]
[TimeControl "40/5400+30:1800+30"]

1. e4 e5 2. Nf3 Nc6 3. Bc4 Bc5 4. c3 Nf6 5. d3 d6 6. b4 Bb6 7. a4 a5 8. b5 Ne7 9. O-O {[%emt 0:17:41] LiveBook: 96 Games} O-O 10. Qb3 h6 11. Nbd2 Ng6 12. d4 $11 Qe7 13. Re1 Bg4 14. Ba3 Nd7 15. h3 Bxf3 16. Nxf3 Nh4 17. Nxh4 Qxh4 18. Rad1 Qf6 19. Bb2 Kh8 20. Bd5 Rab8 21. Qc2 Qg6 22. Qe2 Nf6 23. dxe5 dxe5 24. c4 Bc5 25. Bxe5 Bb4 26. Rf1 Ne8 27. Qf3 Nd6 28. Rc1 Bc5 29. Bc3 b6 30. Rfd1 f5 31. e5 Ne4 32. Bd4 Rbe8 33. e6 Ng5 34. Qg3 Bd6 35. Be5 f4 36. Qc3 Nxh3+ 37. Qxh3 Bxe5 1/2-1/2

[Event "WYCC 2018 G18"]
[Site "Halkidiki"]
[Date "2018.10.21"]
[Round "3"]
[White "Garcia Martin, Marta"]
[Black "Avetisyan, Mariam"]
[Result "1-0"]
[ECO "C50"]
[WhiteElo "2329"]
[BlackElo "2049"]
[Annotator "NA"]
[PlyCount "79"]
[EventDate "2018.10.20"]
[EventType "swiss"]
[EventCountry "GRE"]
[SourceTitle "playchess.com"]
[Source "ChessBase"]
[SourceQuality "1"]
[TimeControl "40/5400+30:1800+30"]

1. e4 e5 2. Nf3 Nc6 3. Bc4 Bc5 4. O-O Nf6 5. d3 d6 6. c3 a5 7. a4 O-O 8. Bg5 h6 9. Bh4 Be6 10. Nbd2 $11 {[%emt 0:03:55] LiveBook: 4 Games} Qe7 11. Re1 Ba7 12. Bb5 Rab8 13. Nf1 Bg4 14. h3 Bh5 15. Ng3 Bg6 16. Nh2 h5 17. Qf3 Nd8 18. Bc4 Ne6 19. Nf5 Qd8 20. Nf1 c6 21. N1g3 Nf4 22. d4 b5 23. axb5 cxb5 24. Ba2 b4 25. Nf1 bxc3 26. bxc3 Rb2 27. N1e3 Bxf5 28. Nxf5 Ng6 29. Bg5 a4 30. Nh6+ gxh6 31. Bxf6 Qb6 32. Bd5 Kh7 33. Qxh5 Nf4 34. Qf5+ Ng6 35. h4 exd4 36. h5 Qb5 37. cxd4 Bb6 38. hxg6+ fxg6 39. Qe6 Rxf2 40. Qe7+ 1-0

[Event "WYCC 2018 G18"]
[Site "Halkidiki"]
[Date "2018.10.21"]
[Round "3"]
[White "Obolentseva, Alexandra"]
[Black "Muratova, Saltanat"]
[Result "1-0"]
[ECO "E97"]
[WhiteElo "2298"]
[BlackElo "1859"]
[Annotator "NA"]
[PlyCount "81"]
[EventDate "2018.10.20"]
[EventType "swiss"]
[EventCountry "GRE"]
[SourceTitle "playchess.com"]
[Source "ChessBase"]
[SourceQuality "1"]
[TimeControl "40/5400+30:1800+30"]

1. d4 Nf6 2. c4 g6 3. Nc3 Bg7 4. e4 d6 5. Nf3 O-O 6. Be2 e5 7. O-O Nc6 8. d5 Ne7 9. b4 Ne8 10. c5 f5 11. Nd2 Nf6 12. Ba3 Bh6 13. Bf3 f4 14. b5 g5 15. h3 Rf7 16. Nc4 Ne8 (16... Bf8 $11) 17. cxd6 cxd6 18. b6 $14 a6 19. Na4 Ng6 20. Rc1 g4 21. hxg4 Nh4 22. Nc5 Qf6 23. Ne6 Bxe6 24. dxe6 Qxe6 25. Qb3 Bf8 26. Rfd1 Qg6 27. Kf1 Be7 28. Na5 Bf8 29. Nxb7 Nxf3 30. gxf3 d5 31. Bxf8 Kxf8 32. Nc5 d4 33. Ne6+ Kg8 34. b7 Rb8 35. Nd8 Nd6 36. Rc7 Rxd8 37. b8=Q Rxb8 38. Qxb8+ Kg7 39. Rc6 Rf6 40. Rxa6 Qh6 41. g5 1-0

[Event "WYCC 2018 G18"]
[Site "Halkidiki"]
[Date "2018.10.21"]
[Round "3"]
[White "Sliwicka, Alicja"]
[Black "Hamedi Nia, Vesal"]
[Result "1/2-1/2"]
[ECO "B33"]
[WhiteElo "2264"]
[BlackElo "1987"]
[Annotator "NA"]
[PlyCount "65"]
[EventDate "2018.10.20"]
[EventType "swiss"]
[EventCountry "GRE"]
[SourceTitle "playchess.com"]
[Source "ChessBase"]
[SourceQuality "1"]
[TimeControl "40/5400+30:1800+30"]

1. e4 c5 2. Nf3 Nc6 3. d4 cxd4 4. Nxd4 Nf6 5. Nc3 e5 6. Ndb5 d6 7. Bg5 a6 8. Na3 b5 9. Nd5 Be7 10. Bxf6 Bxf6 11. c4 b4 12. Nc2 O-O 13. g3 Bg5 14. h4 Bh6 15. Bh3 Bb7 16. O-O a5 17. Qd3 Ne7 18. Nxe7+ Qxe7 19. Ne3 Bxe3 20. Qxe3 Qc7 21. Rac1 Qc6 22. c5 dxc5 23. Rxc5 Qxe4 24. Qxe4 Bxe4 25. Rxe5 Rfe8 26. Rc5 g6 27. Rfc1 h5 28. Rb5 Bf3 29. a3 bxa3 30. bxa3 Kg7 31. Bg2 Bxg2 32. Kxg2 Re4 33. Rc3 1/2-1/2

[Event "WYCC 2018 G18"]
[Site "Halkidiki"]
[Date "2018.10.21"]
[Round "3"]
[White "Kiolbasa, Oliwia"]
[Black "Tejaswini, Sagar"]
[Result "1-0"]
[ECO "C92"]
[WhiteElo "2254"]
[BlackElo "2139"]
[Annotator "NA"]
[PlyCount "101"]
[EventDate "2018.10.20"]
[EventType "swiss"]
[EventCountry "GRE"]
[SourceTitle "playchess.com"]
[Source "ChessBase"]
[SourceQuality "1"]
[TimeControl "40/5400+30:1800+30"]

1. e4 e5 2. Nf3 Nc6 3. Bb5 a6 4. Ba4 Nf6 5. O-O Be7 6. Re1 b5 7. Bb3 d6 8. c3 O-O 9. h3 Bb7 10. d4 Nd7 11. a4 exd4 12. cxd4 Na5 13. Bc2 Bf6 14. axb5 axb5 15. Qd3 g6 16. Qxb5 c6 17. Qd3 c5 18. Bf4 c4 19. Qd1 Qb6 20. Nc3 Rfe8 21. Ba4 Bc6 22. Bxc6 Qxc6 23. Nd5 Bd8 24. Qa4 Rc8 25. Qxc6 Rxc6 26. Re3 Kg7 27. Nd2 h6 28. Rc3 g5 29. Bg3 Nf8 30. Ne3 Kg6 31. d5 Rc8 32. Bxd6 Nd7 33. Bb4 Bf6 34. Rxa5 Bxc3 35. Bxc3 Ra8 36. Rxa8 Rxa8 37. Ndxc4 f6 38. e5 fxe5 39. Nxe5+ Nxe5 40. Bxe5 Ra1+ 41. Kh2 Ra5 42. Kg3 Rb5 43. Kf3 Rb4 44. Bc3 Rf4+ 45. Ke2 Rf7 46. Ng4 Re7+ 47. Ne5+ Kf6 48. d6 Rb7 49. d7 Ke7 50. Ba5 Rxb2+ 51. Ke3 1-0

[Event "WYCC 2018 G18"]
[Site "Halkidiki"]
[Date "2018.10.21"]
[Round "3"]
[White "Antolak, Julia"]
[Black "Tarini Goyal"]
[Result "1/2-1/2"]
[ECO "B18"]
[WhiteElo "2240"]
[BlackElo "2026"]
[Annotator "NA"]
[PlyCount "49"]
[EventDate "2018.10.20"]
[EventType "swiss"]
[EventCountry "GRE"]
[SourceTitle "playchess.com"]
[Source "ChessBase"]
[SourceQuality "1"]
[TimeControl "40/5400+30:1800+30"]

1. e4 c6 2. d4 d5 3. Nc3 dxe4 4. Nxe4 Bf5 5. Ng3 Bg6 6. h4 h6 7. Nf3 e6 8. h5 Bh7 9. Bd3 Bxd3 10. Qxd3 Nf6 11. Bd2 Be7 12. O-O-O c5 13. Ne4 cxd4 14. Nxd4 Nbd7 15. Kb1 a6 16. Bc3 O-O 17. g4 Qb6 18. f4 Nxe4 19. Qxe4 Nc5 20. Qf3 Na4 21. Nb3 Nxc3+ 22. Qxc3 Rac8 23. Qg3 Qc7 24. Qf2 Rfd8 25. Rdg1 1/2-1/2

[Event "WYCC 2018 G18"]
[Site "Halkidiki"]
[Date "2018.10.21"]
[Round "3"]
[White "Dimitrova, Aleksandra"]
[Black "Kieu, Bich Thuy"]
[Result "1/2-1/2"]
[ECO "B09"]
[WhiteElo "2228"]
[BlackElo "1913"]
[Annotator "NA"]
[PlyCount "129"]
[EventDate "2018.10.20"]
[EventType "swiss"]
[EventCountry "GRE"]
[SourceTitle "playchess.com"]
[Source "ChessBase"]
[SourceQuality "1"]
[TimeControl "40/5400+30:1800+30"]

1. e4 g6 2. d4 Bg7 3. Nc3 d6 4. f4 Nf6 5. Nf3 O-O 6. Bd3 Na6 7. O-O c5 8. d5 Nc7 9. a4 Bd7 {[%emt 0:03:26] B09: Pirc-Ufimzew-Verteidigung (Dreibauernangriff)} (9... e6 10. dxe6 Bxe6 11. Kh1 b6 12. Qe1 Bg4 13. Bd2 Re8 14. Qg3 Bxf3 15. Qxf3 Ne6 16. Rae1 Nd4 17. Qd1 h5 {½-½ (48) Li,C (2744)-Lu,S (2628) Huocheng County 2017}) 10. Bc4 a6 11. e5 dxe5 $146 ({Vorgänger:} 11... Nfe8 12. Qe2 b5 13. axb5 axb5 14. Rxa8 Qxa8 15. e6 fxe6 16. dxe6 Bc6 17. Bxb5 Nxb5 18. Nxb5 {½-½ (47) Fedoseev,V (2264)-Mihajlovskij,S (2492) Kazan 2007}) 12. fxe5 Ng4 13. Bf4 b5 14. Be2 b4 15. Nb1 e6 16. c4 bxc3 17. Nxc3 exd5 18. Nxd5 Ne6 19. Bg3 Bc6 20. Nf4 Nxf4 21. Bxf4 Qe7 22. Qd6 Qxd6 23. exd6 Bxb2 24. Ra2 Rfb8 25. Rd1 Bd7 26. Kf1 Ra7 27. Rb1 Rab7 28. Bxa6 Rb6 29. Bb5 Bxb5+ 30. axb5 Bf6 31. d7 Rxb5 32. Rxb5 Rxb5 33. h3 Rb4 34. Bd2 Rb1+ 35. Ke2 Rb7 36. Ra8+ Kg7 37. d8=Q Bxd8 38. Rxd8 Re7+ 39. Kd3 Nf2+ 40. Kc4 Ne4 41. Bf4 f6 42. Bd6 Nxd6+ 43. Rxd6 Re2 44. Rd2 Re4+ 45. Kxc5 g5 46. Kd5 Ra4 47. Nd4 Kg6 48. Rf2 h5 49. Rc2 h4 50. Ke4 f5+ 51. Ke5 Ra5+ 52. Ke6 g4 53. Nc6 Ra3 54. Ne5+ Kg5 55. Rf2 Ra6+ 56. Kd5 gxh3 57. gxh3 Ra3 58. Rg2+ Rg3 59. Nf3+ Kf4 60. Nxh4 Rxg2 61. Nxg2+ Kg3 62. h4 Kxg2 $11 63. Ke5 Kg3 64. Kxf5 Kxh4 65. Ke4 1/2-1/2

[Event "WYCC 2018 G18"]
[Site "Halkidiki"]
[Date "2018.10.21"]
[Round "3"]
[White "Martynkova, Olena"]
[Black "Dong, Khanh Linh"]
[Result "1-0"]
[ECO "D30"]
[WhiteElo "2188"]
[BlackElo "1879"]
[Annotator "NA"]
[PlyCount "117"]
[EventDate "2018.10.20"]
[EventType "swiss"]
[EventCountry "GRE"]
[SourceTitle "playchess.com"]
[Source "ChessBase"]
[SourceQuality "1"]
[TimeControl "40/5400+30:1800+30"]

1. d4 d5 2. c4 e6 3. Nf3 Nf6 4. g3 b6 5. cxd5 Nxd5 6. Bg2 Be7 7. O-O O-O 8. e4 Nf6 9. Nc3 Bb7 {[%emt 0:02:12] E06: Closed Catalan: Early deviations} 10. Re1 Na6 11. Bf4 Re8 12. Ne5 $146 ({Predecessor:} 12. Rc1 c5 13. a3 cxd4 14. Nxd4 Bc5 15. Be3 e5 16. Nf5 Bxe3 17. Nxe3 {½-½ (27) Malakhatko,V (2542)-Adly,A (2637) Riadh 2017}) 12... c6 13. a3 Nc7 14. Qa4 b5 15. Qa5 Na6 16. Nxc6 Bxc6 17. Qxa6 Qc8 18. Qxc8 Raxc8 19. d5 exd5 20. exd5 Bd7 21. d6 Bf8 22. h3 h6 23. Rac1 Nh5 24. Be5 Rc5 25. Bd4 Rcc8 26. Bxa7 Bxd6 27. Red1 Re6 28. Bd5 Rg6 29. Be4 f5 30. Bf3 Nxg3 31. fxg3 Bxg3 32. Kh1 Be8 33. Nd5 Rxc1 34. Rxc1 Ra6 35. Bb6 Bf7 36. Bc7 Bf2 37. Rc6 Ra4 38. Nc3 Rd4 39. Be5 Rd2 40. Nxb5 Bd5 41. Rc3 Bb6 {[%emt 0:16:47] [#]} 42. Nd4 $1 Be4 43. Bxe4 fxe4 44. Nf5 Kf7 45. Rc6 Rd1+ 46. Kg2 Rd2+ 47. Kg3 Bg1 48. Nd6+ Ke7 49. Nxe4 Re2 50. Kf3 Re3+ 51. Kf4 g5+ 52. Kf5 Rxh3 53. Rc7+ Kd8 54. Ke6 Rd3 55. Rb7 Ke8 56. Rb8+ Rd8 57. Nf6+ Kf8 58. Rxd8+ Kg7 59. Rg8# 1-0